AoeStats
← MooSkita

Black Forest

503269695Analyzed
2v2 RM · 1mo ago on Aug 30, 2026· 35m 7s· 4 players
Game mode
Random Map
Map size
Medium (4 player)
Population
200
Speed
Normal
Resources
Standard
Victory
Conquest
Starting age
Dark Age
Ending age
Imperial Age
RankedLock teamsTeams togetherTeam positionsShared explorationLock speedFull tech treeHidden civsTurbo modeCheats
Victory
Defeat
🇧🇷 Cumans · Brazil
774
+13
🇹🇼 Tupi · Taiwan
732
+14
🇪🇸 Burgundians · Spain
829
-38
565
-8
動腦玩遊戲
0:27 Loom
13:56 Feudal Age
15:50 Champi Runner
24:08 Castle Age
24:24 Fletching
30:07 Horse Collar
30:45 Double-Bit Axe
32:54 Heavy Plow
Atommych
9:06 Loom
11:29 Feudal Age
11:56 Double-Bit Axe
14:04 Wheelbarrow
13:09 Man-at-Arms
31:22 Castle Age
29:13 Town Watch
29:17 Horse Collar
30:29 Forging
30:26 Scale Barding Armor
31:33 Bloodlines
32:25 Chain Barding Armor
32:41 Iron Casting
33:29 Gold Mining
35:48 Hand Cart
☯︎ PΔTΔS DΞ STΞΞL ☯
0:31 Loom
14:38 Feudal Age
15:16 Double-Bit Axe
15:17 Horse Collar
21:24 Fletching
21:35 Padded Archer Armor
24:54 Gold Mining
25:43 Wheelbarrow
28:24 Castle Age
29:29 Crossbowman
31:13 Thumb Ring
MooSkita
9:54 Horse Collar
10:36 Loom
12:45 Feudal Age
12:57 Double-Bit Axe
14:21 Bow Saw
15:57 Town Watch
20:34 Castle Age
19:37 Scale Barding Armor
19:48 Forging
21:19 Husbandry
24:29 Light Cavalry
26:11 Scale Barding Armor
27:37 Iron Casting
28:24 Two-Man Saw
27:25 Heavy Plow
29:39 Stone Mining
31:05 Stone Shaft Mining
33:57 Gold Mining
35:55 Crop Rotation
Connection lost

Rejoining the realm…

Still unreachable

The connection could not be restored.

Session expired

The server has moved on; the page needs a fresh start.